 Dungeon Crawl Stone Soup version 0.25-a0-589-g1e14c549ee (webtiles) character file.

Game seed: 17809369690158845929, levelgen mode: deterministic

319 vurker the Gusty (level 6, 27/27 HPs)
             Began as a Felid Air Elementalist on Mar 10, 2020.
             Was an Initiate of Vehumet.
             Quit the game on level 4 of the Dungeon.
             The game lasted 00:08:40 (6402 turns).

vurker the Gusty (Felid Air Elementalist)           Turns: 6402, Time: 00:08:40

Health: 27/27      AC:  2    Str:  4    XL:     6   Next: 21%
Magic:  12/12      EV: 18    Int: 18    God:    Vehumet [......]
Gold:   7          SH:  0    Dex: 17    Spells: 4/14 levels left
                                        Lives:  1   Deaths: 1

rFire    + . .     SeeInvis +   (weapon unavailable)
rCold    . . .     Gourm    .   (shield unavailable)
rNeg     . . .     Faith    .   (armour unavailable)
rPois    .         Spirit   .   (helmet unavailable)
rElec    .         Reflect  .   (cloak unavailable)
rCorr    .         Harm     .   (gloves unavailable)
MR       .....                  (boots unavailable)
Stlth    +++.......             (no amulet)
HPRegen  0.09/turn              (no ring)
MPRegen  0.13/turn              (no ring)

@: quick
A: very small, no armour, no weapons or thrown items, stealth, claws 1, fangs 3,
see invisible, carnivore, fire resistance 1, speed 1, low mp 1, sense
surroundings 1, shaggy fur 2, slow metabolism 1, MP-powered wands, sharp paws
a: Renounce Religion


You were on level 4 of the Dungeon.
You worshipped Vehumet.
Vehumet was noncommittal.
You were not hungry.

You visited 1 branch of the dungeon, and saw 6 of its levels.

You collected 119 gold pieces.
You spent 112 gold pieces at shops.

Inventory:

Jewellery
 s - a +2 amulet of reflection {unknown}
   (You found it on level 4 of the Dungeon)
Scrolls
 b - a scroll of teleportation {unknown}
 c - 10 scrolls of identify {unknown}
 d - a scroll of acquirement {unknown}
 f - a scroll of remove curse {unknown}
 g - 2 scrolls of random uselessness {unknown}
 i - a scroll of amnesia {unknown}
 n - 2 scrolls of immolation {unknown}
 r - a scroll of enchant weapon {unknown}
Potions
 a - 2 potions of invisibility {unknown}
 h - a potion of stabbing {unknown}
 j - 3 potions of lignification {unknown}
 k - 2 potions of haste {unknown}
 l - 2 potions of brilliance {unknown}
 m - 2 potions of heal wounds
 o - a potion of flight {unknown}
 p - a potion of degeneration {unknown}
Comestibles
 e - 10 rations
 q - a chunk of flesh


   Skills:
 + Level 2.8 Fighting
 - Level 2.6 Dodging
 - Level 2.6 Stealth
 * Level 4.5 Spellcasting
 + Level 2.8 Conjurations
 * Level 4.9 Air Magic


You had 4 spell levels left.
You knew the following spells:

 Your Spells              Type           Power        Failure   Level  Hunger
a - Shock                 Conj/Air       ###.         2%          1    None
b - Lightning Bolt        Conj/Air       ###.......   61%         5    ######.
c - Airstrike             Air            ###.......   19%         4    ####...

Your spell library contained the following spells:

 Spells                   Type           Power        Failure   Level  Hunger
 Swiftness                Chrm/Air       ##......     8%          2    #......
 Static Discharge         Conj/Air       ###.....     9%          3    ###....


Dungeon Overview and Level Annotations

Branches:
Dungeon (6/15)
 Temple: D:4-7

Altars:
Kikubaaqudgha
Okawaru
Vehumet

Shops:
D:6 !

Annotations:
D:4 Blork the orc
D:6 Dowan, Duvessa


Innate Abilities, Weirdness & Mutations

You cannot wear armour.
You are incapable of wielding weapons or throwing items.
Your paws allow you to move quietly. (Stealth)
You have sharp claws.
You have razor-sharp teeth.
You have supernaturally acute eyesight. (SInv)
You are carnivorous and can eat meat at any time.
You cover ground quickly.
You are covered in thick fur. (AC +2)
You have a slow metabolism.
Your sharp claws are effective at attacking unaware monsters.
Your flesh is heat resistant. (rF+)
Your magical capacity is low. (-10% MP)
You passively map a small area around you.
You expend magic power (3 MP) to strengthen your wands.


Message History

The orc priest begins to cast a cantrip, but forgets the words!
Blork the orc gestures wildly while chanting.
Blork the orc seems to speed up.
The orc wizard casts a spell.
The orc wizard blinks!
Aim: an orc priest, wielding a +0 mace (moderately wounded)
The zap hits the orc priest.
The zap hits Blork the orc.
The orc priest looks braver for a moment.
Aim: an orc priest, wielding a +0 mace (severely wounded)
The zap hits the orc priest!
You kill the orc priest!
Vehumet accepts your kill.
The zap hits Blork the orc.
Blork the orc frowns.
Aim: Blork the orc, wielding a +0 dire flail and wearing a +2 robe of magic resistance (lightly wounded, fast)
The zap hits Blork the orc.
You don't have enough magic to cast that spell.
You aren't carrying any items that you can evoke.
Unknown command.
Blork the orc screams, "I'm much stronger than you!"
Blork the orc grins evilly.
Blork the orc hits you with a +0 dire flail!
The zap hits Blork the orc.
The zap hits Blork the orc!
Blork the orc barely misses you.
The zap hits Blork the orc. x2; Blork the orc misses you.
You miscast Shock.
You are very lightly contaminated with residual magic.
You hear a crackling sound.
Blork the orc closely misses you.
Blork the orc hits you with a +0 dire flail!
* * * LOW HITPOINT WARNING * * *
You don't have enough magic to cast that spell.
You scratch Blork the orc but do no damage.
Your bite misses Blork the orc. Blork the orc casts a spell at you.
The puff of flame hits you. You resist.
* * * LOW HITPOINT WARNING * * *
You barely miss Blork the orc. Blork the orc casts a spell at you.
The puff of frost misses you.
Blork the orc points at you and mumbles some strange words.
The puff of frost hits you.
* * * LOW HITPOINT WARNING * * *
The zap hits Blork the orc. x2; Blork the orc misses you.
You scratch Blork the orc but do no damage.
Blork the orc hits you with a +0 dire flail!
You die...
You are now level 6!
You rejoin the land of the living...
Unknown command.

#.#.############ #.#
#.#.# #.# #.#.# #.#
#.#.############ #.#
#<#............. #.#
##########...###.#######.
#.# ...........#.# #.#
###.#
##########.#.###.######.
*#.... #.#....@....... ,
#.... #....>....####.
#.... ####..##.## #....
##...#.# #....
#.###..#### ** ,*###.#
#.# #.....# * #.#
#.###..#.## ,, #.#
######### ##...#.#.# ,
#.# .>......# #####.#.# ,
#.#


There were no monsters in sight!

Vanquished Creatures
  An ogre (D:3)
  A scorpion (D:6)
  A bullfrog zombie (D:6)
  A hound (D:4)
  2 orc priests (D:4)
  3 orc wizards (D:4)
  Natasha (thrice) (D:1)
  3 worker ants
  Robin (D:2)
  2 adders (D:3)
  3 oozes
  2 dart slugs (D:1)
  2 leopard geckos (D:3)
  16 orcs
  3 giant cockroaches
  10 goblins
  7 hobgoblins
  5 jackals
  A quokka (D:3)
  7 bats
  6 frilled lizards
  A jackal skeleton (D:4)
  5 kobolds
  7 rats
93 creatures vanquished.

Notes
Turn   | Place    | Note
-------+----------+-------------------------------------------
     0 | D:1      | vurker the Felid Air Elementalist began the quest for the
                  | Orb.
     0 | D:1      | Reached XP level 1. HP: 7/7 MP: 4/4
    92 | D:1      | Reached skill level 1 in Conjurations
   172 | D:1      | Reached XP level 2. HP: 11/11 MP: 3/6
  1053 | D:1      | Reached skill level 1 in Fighting
  1286 | D:2      | Noticed Robin
  1294 | D:1      | Reached XP level 3. HP: 7/15 MP: 3/7
  1506 | D:2      | Noticed Natasha
  1521 | D:1      | Killed Natasha
  2055 | D:2      | Reached XP level 4. HP: 19/19 MP: 2/9
  2079 | D:1      | Noticed Natasha
  2261 | D:1      | Killed Natasha
  2323 | D:1      | Noticed Natasha
  2331 | D:1      | Killed Natasha
  3293 | D:2      | Killed Robin
  3508 | D:2      | Found a faded altar of an unknown god.
  3600 | D:2      | Found an ancient bone altar of Kikubaaqudgha.
  3600 | D:2      | Found an iron altar of Okawaru.
  3651 | D:3      | Reached XP level 5. HP: 18/22 MP: 5/10
  3759 | D:3      | Learned a level 5 spell: Lightning Bolt
  3764 | D:3      | Learned a level 4 spell: Airstrike
  4380 | D:3      | Found a radiant altar of Vehumet.
  4385 | D:3      | Became a worshipper of Vehumet
  4990 | D:3      | Noticed an ogre
  5005 | D:3      | Killed an ogre
  5005 | D:3      | Gained mutation: You are covered in thick fur. (AC +2)
                  | [Felid growth]
  5005 | D:3      | Reached XP level 6. HP: 26/26 MP: 0/12
  5451 | D:4      | You fall into a shaft and drop 2 floors!
  5644 | D:6      | Found an iron altar of Okawaru.
  5869 | D:6      | Noticed Duvessa
  5869 | D:6      | Noticed Dowan
  5890 | D:6      | Found Puomm's Distillery.
  5903 | D:6      | Bought a potion of mutation for 112 gold pieces
  5903 | D:6      | Gained mutation: You expend magic power (3 MP) to
                  | strengthen your wands. [potion of mutation]
  5903 | D:6      | Gained mutation: You passively map a small area around you.
                  | [potion of mutation]
  5903 | D:6      | Gained mutation: Your magical capacity is low. (-10% MP)
                  | [potion of mutation]
  5903 | D:6      | Gained mutation: Your flesh is heat resistant. (rF+)
                  | [potion of mutation]
  5955 | D:5      | Entered Level 5 of the Dungeon
  5955 | D:5      | Noticed a slave
  5955 | D:5      | Noticed a slave
  6025 | D:4      | Reached XP level 7. HP: 22/30 MP: 1/13
  6368 | D:4      | Noticed Blork the orc
  6401 | D:4      | Slain by Blork the orc
  6402 | D:4      | Reached XP level 6. HP: -4/27 MP: 0/12
  6402 | D:4      | Quit the game

Levels and vault maps discovered:
D:1:      minmay_arrival_four_circles, layout_basic
D:2:      layout_rooms, gammafunk_temple_overflow_wave,
          chequers_ecumenical_altar_island, uniq_natasha, uniq_robin
D:3:      layout_loops_corners, vehumet_crystals
D:4:      layout_loops_ring, first_ration, portal_sewer_entry_e,
          minmay_lizard_king, uniq_blork_the_orc
D:5:      layout_loops_ring, uniq_eustachio, uniq_menkaure, uniq_pikel
D:6:      layout_loops_corners, serial_shops, shop, basic_altar, uniq_duvessa

Skill      XL: |  1  2  3  4  5  6 |
---------------+-------------------+-----
Conjurations   | 1 2 |  2.8
Air Magic      | 3 4 |  4.9
Fighting       | 1 2 |  2.8
Spellcasting   | 3 4 |  4.5
Dodging        | |  2.6
Stealth        | |  2.6

Action                   |  1- 3 |  4- 6 |  7- 9 || total
-------------------------+-------+-------+-------++-------
Melee: Unarmed           |    25 |    12 |     3 ||    40
       Bite              |     2 |     1 |       ||     3
 Cast: Shock             |    79 |   135 |    13 ||   227
       Airstrike         |       |     9 |     3 ||    12
  Use: Potion            |       |     2 |       ||     2
 Stab: Sleeping          |       |     2 |       ||     2
  Eat: Chunk             |    10 |     7 |     3 ||    20
Armor: Skin              |     2 |     1 |       ||     3
Dodge: Dodged            |    40 |    31 |     6 ||    77

Table legend:
 A = Non-vault XP
 B = Vault XP
 C = Vault XP percentage of total XP
 D = Non-vault monster count
 E = Vault monster count
 F = Vault count percentage of total count
                 A         B        C        D         E       F
            +---------+---------+-------+---------+---------+-------
      Total |     816 |      70 |   7.9 |      81 |      12 |  12.9
            +---------+---------+-------+---------+---------+-------
        D:1 |     110 |      41 |  27.2 |      22 |       4 |  15.4
        D:2 |      11 |      29 |  72.5 |       6 |       8 |  57.1
        D:3 |     249 |       0 |   0.0 |      36 |       0 |   0.0
        D:4 |     296 |       0 |   0.0 |      14 |       0 |   0.0
        D:6 |     150 |       0 |   0.0 |       3 |       0 |   0.0
            +---------+---------+-------+---------+---------+-------
